Unix NetHack Version 5.0.0-0 post-release - last build May 31 2026 23:59:36 (970b52f25bf058293b47ddfd14a1e40e571c508c,branch:main).

Game began 2026-06-08 21:02:49, ended 2026-06-09 15:35:49.

Anarchos, lawful female dwarven Valkyrie

                      ------
        ------        |....-#
        |.>..|        |..[.|#
        |....|        |.....#`#
        |....|     ###.....| ####a@##############`#
        |....|###### #|....|    #    ---------#######################
        |.....#      #------    #    1......C|        ##------------.-
        ----|-       #          #  ....C...            #|............|
            #        %          #1...-                 #.<...........|
            ######   ##           ...|                 #|............|
                 #    ##           .C|                 #--------------
                 ########          ..|                 #
            ------------#           .-              ####
            |...........#            .        #     #
            |..........|#                     #######
            |..........|#                     #
            |.^........|#######################
            ------------

Anarchos the Fighter        St:18 Dx:14 Co:17 In:10 Wi:10 Ch:9  Lawful
Dlvl:9  $:134 HP:0(82) Pw:14(14) AC:-2 Xp:8 T:6784  Burdened

Latest messages:
 You swap places with your housecat.
 You hear some noises in the distance.
 The door opens.
 The door resists!
 You find a hidden passage.
 The door opens.
 KABOOM!!  The door was booby-trapped!
 You stagger...
 The rabid rat bites!
 The rabid rat misses!
 The rabid rat bites!
 The rabid rat bites!
 The rabid rat misses!
 You kill the rabid rat!
 The soldier ant misses!
 The soldier ant misses!
 The soldier ant misses!
 The soldier ant stings!
 The soldier ant bites!
 The soldier ant misses!
 You feel a bit steadier now.
 You hit the soldier ant!
 The soldier ant bites!
 The soldier ant misses!
 You hear bubbling water.
 The soldier ant bites!
 The soldier ant stings!
 You hit the soldier ant!
 The soldier ant bites!
 The soldier ant misses!
 The soldier ant misses!
 The soldier ant misses!
 The soldier ant bites!
 The soldier ant stings!
 The soldier ant misses!
 The soldier ant stings!
 Where do you want to travel to?
 (For instructions type a '?')
 The soldier ant misses!
 The soldier ant misses!
 The soldier ant bites!
 The soldier ant misses!
 The soldier ant bites!
 The soldier ant misses!
 The soldier ant misses!
 The soldier ant stings!
 The soldier ant bites!
 The soldier ant stings!
 You die...
 Do you want your possessions identified? [ynq] (y) q

Inventory:
 Coins    ('$')
  $ - 134 gold pieces
 Amulets  ('"')
  G - an uncursed amulet of magical breathing
 Weapons  (')')
  u - 8 +0 silver arrows
  c - a +0 dagger
  a - a +1 dwarvish spear (weapon in left hand)
  P - a +0 elven spear
  f - a +0 katana
 Armor    ('[')
  U - an uncursed rustproof +0 dwarvish iron helm (being worn)
  J - an uncursed +1 orcish helm
  S - an uncursed +0 orcish helm
  e - an uncursed +3 small shield (being worn)
  Y - an uncursed +0 dwarvish cloak
  R - an uncursed +0 elven cloak (being worn)
  b - an uncursed +0 mummy wrapping
  v - an uncursed +0 elven mithril-coat (being worn)
 Comestibles  ('%')
  M - an uncursed cram ration
  T - 4 uncursed food rations
  I - an uncursed tripe ration
  k - an uncursed tin of candied rothe meat
  w - an uncursed egg
  N - an uncursed lizard corpse
 Scrolls  ('?')
  D - an uncursed scroll of amnesia
  t - an uncursed scroll of confuse monster
  s - a blessed scroll of create monster
  V - a blessed scroll of earth
  p - an uncursed scroll of light
  i - 2 cursed scrolls of light
 Spellbooks  ('+')
  B - an uncursed spellbook of confuse monster
  W - an uncursed spellbook of extra healing
  o - an uncursed spellbook of healing
 Potions  ('!')
  n - an uncursed potion of confusion
  E - an uncursed potion of gain energy
  q - an uncursed potion of gain level
  y - a blessed potion of levitation
  A - a blessed potion of object detection
  O - 2 uncursed potions of object detection
  m - a cursed potion of object detection
  g - an uncursed potion of paralysis
 Rings    ('=')
  F - a blessed +1 ring of increase accuracy (on left hand)
  j - an uncursed ring of warning (on right hand)
 Wands    ('/')
  l - a wand of cold (0:8)
  Z - a wand of fire (0:5)
  z - a wand of opening (0:3)
 Tools    ('(')
  L - an uncursed blindfold
  x - an uncursed lock pick
  X - an uncursed mirror
  C - a cursed oil lamp
  Q - a +0 pick-axe
  H - an uncursed tallow candle
  r - an uncursed towel
 Gems/Stones  ('*')
  h - an uncursed citrine stone
  K - an uncursed opal

Anarchos the Valkyrie's attributes:

Background:
 You were a Fighter, a level 8 dwarven Valkyrie.
 You were lawful, on a mission for Tyr
 who was opposed by Odin (neutral) and Loki (chaotic).
 You were left-handed.
 You were in the Dungeons of Doom, on level 9.
 You entered the dungeon 6784 turns ago.
 You had 1506 experience points, 1054 more were needed to attain level 9.

Basics:
 You had 0 out of 82 hit points.
 You had all 14 energy points (spell power).
 Your armor class was -2.
 Your wallet contained 134 zorkmids.
 Autopickup was on for all types.

Final Characteristics:
 Your strength was 18 (limit:18/100).
 Your dexterity was 14 (limit:20).
 Your constitution was 17 (limit:20).
 Your intelligence was 10 (limit:16).
 Your wisdom was 10 (limit:16).
 Your charisma was 9 (limit:16).

Final Status:
 You weren't hungry.
 You were burdened; movement was slightly slowed.
 You were wielding a spear.
 You had expert skill with spear.

Final Attributes:
 You were piously aligned.
 You were cold resistant.
 You were telepathic.
 You were warned.
 You had infravision.
 You were stealthy.
 You had a small bonus to hit (+1).
 You were guarded.
 Your spell casting was impaired by metallic armor.
 You were fast.
 You are dead.

Miscellaneous:
 You didn't encounter any bones levels.
 Total elapsed playing time was 2 hours, 48 minutes and 26 seconds.

Major events:
 Turn
    1: Anarchos the lawful dwarven Valkyrie entered the dungeon
  598: attained the rank of Skirmisher (level 3)
  886: found Mjollnir in a shop
 1443: entered the Gnomish Mines
 3143: attained the rank of Fighter (level 6)
 6784: killed by a soldier ant

Spells:
 Name                 Level Category     Fail Retention
 extra healing          3   healing      100%   51%-75%
 healing                1   healing      100%  76%-100%
 confuse monster        1   enchantment  100%  76%-100%

Skills:
 Fighting Skills
   bare handed combat [Unskilled]
   two weapon combat  [Unskilled]
   riding             [Unskilled]
 Weapon Skills
   dagger             [Basic]
   axe                [Unskilled]
   pick-axe           [Unskilled]
   short sword        [Unskilled]
   broadsword         [Unskilled]
   long sword         [Unskilled]
   two-handed sword   [Unskilled]
   saber              [Unskilled]
   hammer             [Unskilled]
   quarterstaff       [Unskilled]
   polearms           [Unskilled]
   spear              [Expert]
   trident            [Unskilled]
   lance              [Unskilled]
   sling              [Unskilled]
 Spellcasting Skills
   attack spells      [Unskilled]
   escape spells      [Unskilled]

Voluntary challenges:
 Character rerolling was not enabled.
 You never genocided any monsters.
 You never polymorphed an object.
 You never changed form.
 You used no wishes.
Achievements:
 You attained the rank of Skirmisher.
 You entered a shop.
 You entered the Gnomish Mines.
 You attained the rank of Fighter.

 The Dungeons of Doom: levels 1 to 9
    Level 1:
       A grave.
    Level 2:
       Some fountains.
    Level 3:
       A general store, a fountain.
    Level 4:
       Stairs down to The Gnomish Mines.
    Level 5:
       A general store, a grave.
    Level 6:
    Level 7:
       Many fountains, many trees.
    Level 8:
    Level 9: <- You were here.
       Final resting place for
          you, killed by a soldier ant.
 The Gnomish Mines:
    Level 5:


Vanquished creatures:
  a small mimic
  a dwarf ruler
  a carnivorous ape
  a crocodile
  2 quivering blobs
  2 panthers
  a leprechaun
  a giant spider
  a black light
 an owlbear
  2 Green-elves
  a lizard
  a chickatrice
  a dingo
  a jaguar
  2 ravens
  a bugbear
  2 imps
  5 wood nymphs
  2 fog clouds
  a yellow light
  2 shriekers
  3 violet fungi
  2 gnome leaders
  a gnomish wizard
  a kobold mummy
  2 elf zombies
  a straw golem
  3 floating eyes
 10 hill orcs
  3 rabid rats
  2 giant bats
  a monkey
  3 orc zombies
  a dwarf zombie
  3 iguanas
  2 acid blobs
  a gas spore
  2 hobbits
  3 manes
  2 large kobolds
  6 hobgoblins
  5 giant rats
  9 cave spiders
  a brown mold
  3 yellow molds
  2 green molds
  a red mold
  6 gnomes
  4 geckos
  7 jackals
  a fox
  2 goblins
  8 grid bugs
  5 lichens
  8 newts
147 creatures vanquished.

No species were genocided or became extinct.

Game over:
                       ----------
                      /          \
                     /    REST    \
                    /      IN      \
                   /     PEACE      \
                  /                  \
                  |     Anarchos     |
                  |      134 Au      |
                  |   killed by a    |
                  |   soldier ant    |
                  |                  |
                  |                  |
                  |       2026       |
                 *|     *  *  *      | *
        _________)/\\_//(\/(/\)/\//\/|_)_______

Farvel Anarchos the Valkyrie...

You died in The Dungeons of Doom on dungeon level 9 with 6605 points,
and 134 pieces of gold, after 6784 moves.
You were level 8 with a maximum of 82 hit points when you died.

